 Dungeon Crawl Stone Soup version 0.27-a0-1202-ge72e49191c (webtiles) character file.

Game seed: 16493893548647185113

1833 Gwenloh the Thrower (level 8, -2/70 HPs)
             Began as a Troll Hunter on June 4, 2021.
             Slain by a steam dragon (10 damage)
             ... on level 7 of the Dungeon.
             The game lasted 00:18:35 (5292 turns).

Gwenloh the Thrower (Troll Hunter)                  Turns: 5292, Time: 00:18:36

Health: -2/70      AC:  4    Str: 24    XL:     8   Next: 86%
Magic:  7/7        EV: 10    Int: 10    God:
Gold:   263        SH:  0    Dex: 12    Spells: 7/7 levels left

rFire    . . .     SeeInvis .   l - +0 flail
rCold    . . .     Faith    .   (no shield)
rNeg     . . .     Spirit   .   b - +0 robe
rPois    .         Reflect  .   (helmet restricted)
rElec    .         Harm     .   (no cloak)
rCorr    .         Rampage  .   (gloves unavailable)
Will     .....                  (boots unavailable)
Stlth    +.........             y - amulet of Ykoceont {Acrobat Str+3 Int+3}
HPRegen  1.21/turn              (no ring)
MPRegen  0.10/turn              (no ring)

@: hasted, very quick
A: large, unfitting armour, claws 3, regeneration 1, shaggy fur 1, tough skin 1
a: no special abilities


You were on level 7 of the Dungeon.
You visited 1 branch of the dungeon, and saw 7 of its levels.

You collected 263 gold pieces.

Inventory:

Hand Weapons
 a - a +0 short sword
 l - a +0 flail (weapon)
Missiles
 c - 4 large rocks
 d - 2 throwing nets
 e - 217 stones
 q - 31 poisoned darts (quivered)
Armour
 b - a +0 robe (worn)
Jewellery
 y - the amulet of Ykoceont (around neck) {Acrobat Str+3 Int+3}
   (You found it on level 5 of the Dungeon)

   [amulet of the acrobat]

   It increases your evasion while moving and waiting.
   It affects your strength (+3).
   It affects your intelligence (+3).
Wands
 o - a wand of flame (8)
 z - a wand of polymorph (9)
Scrolls
 h - 2 scrolls of teleportation
 j - 2 scrolls of enchant armour
 k - a scroll of identify
 m - a scroll of magic mapping
 n - a scroll of immolation
 v - a scroll of blinking {unknown}
 w - a scroll of holy word {unknown}
 x - a scroll of amnesia {unknown}
Potions
 f - 4 potions of lignification
 g - 2 potions of haste
 i - a potion of might {unknown}
 p - 2 potions of brilliance
 r - a potion of resistance {unknown}
 s - a potion of magic
 t - a potion of curing {unknown}
 u - a potion of heal wounds {unknown}
 A - a potion of cancellation {unknown}


   Skills:
 - Level 1.5 Fighting
 + Level 5.4 Maces & Flails
 * Level 9.7 Throwing
 - Level 1.5 Dodging
 - Level 0.3 Stealth


You had 7 spell levels left.
You didn't know any spells.
Your spell library contained the following spells:

 Spells                   Type           Power      Damage    Failure   Level
 Animate Skeleton         Necr           0%         N/A       36%         1
 Pain                     Necr           0%         1d4       36%         1
 Sandblast                Erth           0%         2d4       36%         1
 Passwall                 Tmut/Erth      0%         N/A       50%         2
 Poisonous Vapours        Pois/Air       0%         N/A       50%         2
 Confusing Touch          Hex            0%         N/A       75%         3
 Conjure Flame            Conj/Fire      0%         6-21      75%         3
 Gell's Gravitas          Tloc           0%         N/A       75%         3
 Mephitic Cloud           Conj/Pois/Air  0%         N/A       75%         3
 Stone Arrow              Conj/Erth      0%         3d7       75%         3
 Vampiric Draining        Necr           0%         2d6       75%         3
 Airstrike                Air            0%         N/A       98%         4
 Animate Dead             Necr           0%         N/A       98%         4
 Leda's Liquefaction      Hex/Erth       0%         N/A       98%         4
 Petrify                  Tmut/Erth      0%         N/A       98%         4
 Agony                    Necr           0%         N/A       100%        5
 Lee's Rapid Deconstruct  Erth           0%         3d5*      100%        5
 Metabolic Englaciation   Hex/Ice        0%         N/A       100%        5
 Yara's Violent Unravell  Hex/Tmut       0%         3d3       100%        5
 Freezing Cloud           Conj/Ice/Air   0%         6-21      100%        6


Dungeon Overview and Level Annotations

Branches:
Dungeon (7/15)             Temple (0/1) D:7

Altars:
Gozag
Nemelex Xobeh
Ru
Wu Jian

Annotations:
D:6 2 runed translucent doors, qborf's ghost, novice DsGl


Innate Abilities, Weirdness & Mutations

You are too large for most types of armour.
You have claws for hands.
Your natural rate of healing is unusually fast.
You are covered in fur. (AC +1)
You have tough skin. (AC +1)


Message History

You hit the steam dragon but do no damage.
The steam dragon is lightly wounded.
The steam dragon closely misses you.
The steam dragon claws you but does no damage.
You barely miss the steam dragon.
The steam dragon is lightly wounded.
The steam dragon bites you! The steam dragon misses you.
You closely miss the steam dragon.
The steam dragon is lightly wounded.
The steam dragon bites you but does no damage.
The steam dragon claws you. The steam dragon bites you.
The steam dragon claws you but does no damage.
You hit the steam dragon but do no damage.
The steam dragon is lightly wounded.
The steam dragon breathes steam at you. The ball of steam hits you!
* * * LOW HITPOINT WARNING * * *
You thump the steam dragon!
The steam dragon is heavily wounded.
You are engulfed in a cloud of scalding steam.
* * * LOW HITPOINT WARNING * * *
The steam dragon bites you.
* * * LOW HITPOINT WARNING * * *
The steam dragon claws you but does no damage.
The steam dragon breathes steam at you. The ball of steam misses you.
You are engulfed in a cloud of scalding steam.
* * * LOW HITPOINT WARNING * * *
Unknown command.
Okay, then.
You feel yourself speed up.
You are engulfed in a cloud of scalding steam.
* * * LOW HITPOINT WARNING * * *
Really walk into that cloud of steam?
Okay, then.
Really walk into that cloud of steam?
Okay, then.
It was a potion of magic.
Magic courses through your body. The steam dragon bites you!
You die...

**,*,****,*#.*#.#********,.#
*,* *,,,* *,*#.##.#########..#
*,* **,**
#.##..........)..D.#**,* *,*
#........########....c.* *,*
#####.##.# *******###D.* ***,*
#.##.# *,,,,,,,,,,,* ,,,,*
#.##Z# *,********,** ********
#.##D# *,* *,* **8* #.##@# *,*
*,* *,>* #.##§# *,* *,*
*****,8*****#.##.# *,********,*
,,,,,,,,,,,,...§§# *,*,,>,,,,,*
***,,******##.####**,*,********
**,,** *...,,,,,,*,* **,,,,*
*..#*******,* ,,,,,,*
*...>,,,,,,,* ***,,,*
#$##*********


You could see a steam dragon (catching breath) and a wyvern zombie.

Vanquished Creatures
  Grinder (D:3)
  A water moccasin (D:5)
  A sky beast (D:5)
  2 necrophages
  An ogre (D:4)
  2 centaurs
  A phantom (D:6)
  4 scorpions
  A wyvern zombie (D:5)
  A bullfrog (D:6)
  2 howler monkeys
  A centaur skeleton (D:6)
  3 hounds
  2 jellies
  A bullfrog zombie (D:5)
  A bullfrog skeleton (D:7)
  An iguana (D:4)
  A hound skeleton (D:4)
  Robin (D:4)
  10 gnolls
  A howler monkey skeleton (D:5)
  5 adders
  A shadow imp (D:6)
  An adder skeleton (D:4)
  A worm (D:3)
  5 dart slugs
  14 orcs
  10 ball pythons
  4 endoplasms
  7 giant cockroaches
  18 goblins
  16 hobgoblins
  4 jackals (D:1)
  3 quokkas
  7 bats
  A frilled lizard (D:2)
  9 kobolds
  3 rats
148 creatures vanquished.

Vanquished Creatures (others)
  4 plants (D:4)
4 creatures vanquished.

Grand Total: 152 creatures vanquished

Notes
Turn   | Place    | Note
-------+----------+-------------------------------------------
     0 | D:1      | Gwenloh the Troll Hunter began the quest for the Orb.
     0 | D:1      | Reached XP level 1. HP: 19/19 MP: 0/0
   153 | D:1      | Reached skill level 4 in Throwing
   153 | D:1      | Reached XP level 2. HP: 24/27 MP: 1/1
   477 | D:1      | Reached XP level 3. HP: 33/33 MP: 2/2
   825 | D:1      | Reached skill level 5 in Throwing
   944 | D:2      | Found an ornate altar of the Wu Jian Council.
  1073 | D:1      | Reached XP level 4. HP: 26/41 MP: 3/3
  1511 | D:3      | Reached XP level 5. HP: 45/48 MP: 4/4
  1536 | D:3      | Identified the Grimoire of Bewitching Lightness
  1635 | D:3      | Found a faded altar of an unknown god.
  1805 | D:3      | Noticed Grinder
  1808 | D:3      | Killed Grinder
  1809 | D:3      | Reached skill level 6 in Throwing
  1809 | D:3      | Reached XP level 6. HP: 55/55 MP: 5/5
  2198 | D:4      | Noticed Robin
  2284 | D:4      | Killed Robin
  2352 | D:4      | Reached skill level 7 in Throwing
  2404 | D:4      | Reached XP level 7. HP: 62/62 MP: 6/6
  3231 | D:5      | Entered Level 5 of the Dungeon
  3394 | D:5      | Reached skill level 8 in Throwing
  3565 | D:5      | Reached XP level 8. HP: 57/70 MP: 7/7
  3770 | D:5      | Found an opulent altar of Gozag.
  3857 | D:5      | Found a sparkling altar of Nemelex Xobeh.
  3857 | D:5      | Found a transporter.
  3866 | D:5      | Identified the amulet of Ykoceont {Acrobat Str+3 Int+3}
  3909 | D:5      | Found a sacrificial altar of Ru.
  4118 | D:5      | Reached skill level 9 in Throwing
  4450 | D:6      | Reached skill level 5 in Maces & Flails
  5018 | D:6      | Found a runed translucent door.
  5087 | D:6      | Found a runed translucent door.
  5092 | D:6      | Noticed qborf's ghost (novice DsGl)
  5292 | D:7      | Slain by a steam dragon

Illustrated notes

Levels and vault maps discovered:
D:1:      dpeg_arrival_connections, layout_basic
D:2:      layout_rooms, basic_altar, minmay_misc_feat_chi,
          kennysheep_generic_room_9
D:3:      layout_rooms, chequers_ecumenical_altar_island, uniq_grinder
D:4:      corexii_shantytown, layout_basic, uniq_robin
D:5:      layout_cave_pods, grunt_gozag_statues, kennysheep_mini,
          grunt_nemelex_the_gamble
D:6:      layout_loops_cross, ebering_ghost_sewer_f
D:7:      layout_loops_ring, temple_statues,
          nicolae_ossuary_entry_false_entrances, enter_bailey_3, st_stairs_10

Skill      XL: |  1  2  3  4  5  6  7  8 |
---------------+-------------------------+-----
Throwing       | 4 5 6 7 8 9 |  9.7
Maces & Flails | 2 4 5 |  5.4
Fighting       | |  1.5
Dodging        | |  1.5
Stealth        | |  0.3

Action                   |  1- 3 |  4- 6 |  7- 9 || total
-------------------------+-------+-------+-------++-------
Melee: Short sword       |   184 |    23 |       ||   207
       Flail             |       |   119 |   205 ||   324
Throw: Stone             |    52 |   116 |    98 ||   266
       Large rock        |       |     5 |     1 ||     6
       Dart              |       |     2 |    23 ||    25
  Use: Scroll            |       |       |     8 ||     8
       Potion            |       |       |     2 ||     2
 Stab: Sleeping          |       |       |     1 ||     1
Armor: Robe              |    95 |    38 |    62 ||   195
Dodge: Dodged            |   106 |    79 |   109 ||   294

Table legend: (Time is in decaauts)
 A = Elapsed time spent in this place.
 B = Non-inter-level travel time spent in this place.
 C = Inter-level travel time spent in this place.
 D = Time resting spent in this place.
 E = Time spent auto-exploring this place.
 F = Levels seen in this place.
 G = Mean time per level.
                   A        B        C        D        E       F      G
               +--------+--------+--------+--------+--------+-----+--------+
         Total |   5334 |   5123 |    211 |     76 |   3439 |   7 |  762.0 |
       Dungeon |   5334 |   5123 |    211 |     76 |   3439 |   7 |  762.0 |
               +--------+--------+--------+--------+--------+-----+--------+

Top non-repeatable levels by time:
     D:4: 1321 daAuts
     D:5: 1088 daAuts
     D:6: 901 daAuts
     D:1: 802 daAuts
     D:3: 578 daAuts
     D:2: 576 daAuts
     D:7: 65 daAuts
